[ AOE2 MATCH · #477585241 ]
UnrankedHuns vs Cumans
[ REPLAY ANALYSIS · EXTRACTED FROM THE RECORDED GAME ]
Feudal
13:48
Castle
18:45
Imperial
35:22
| APM avg | 47.9 |
| APM peak | 92 |
| eAPM avg | 18.4 |
| Villagers / military | 134 / 113 |
Focus
⚔️ 38.1% · 🌾 61.9%
Cavalry Archer ×111 · Monk ×1 · Archer ×1
Feudal
13:19
Castle
21:37
Imperial
—
| APM avg | 38.7 |
| APM peak | 117 |
| eAPM avg | 26.0 |
| Villagers / military | 164 / 49 |
Focus
⚔️ 19.3% · 🌾 80.7%
Camel Scout ×46 · Steppe Lancer ×2 · Scout Cavalry ×1
Feudal
15:12
Castle
18:54
Imperial
38:54
| APM avg | 29.3 |
| APM peak | 55 |
| eAPM avg | 18.3 |
| Villagers / military | 143 / 47 |
Focus
⚔️ 33.0% · 🌾 67.0%
Chu Ko Nu ×35 · Iron Pagoda ×8 · Trebuchet (Packed) ×4
Feudal
13:11
Castle
22:30
Imperial
—
| APM avg | 37.7 |
| APM peak | 99 |
| eAPM avg | 15.7 |
| Villagers / military | 76 / 66 |
Focus
⚔️ 43.5% · 🌾 56.5%
Archer ×57 · Rattan Archer ×5 · Mangonel ×4
Feudal
13:34
Castle
25:58
Imperial
—
| APM avg | 37.6 |
| APM peak | 76 |
| eAPM avg | 20.5 |
| Villagers / military | 115 / 111 |
Focus
⚔️ 37.8% · 🌾 62.2%
Archer ×95 · Spearman ×7 · Scout Cavalry ×7 · Militia ×2
Feudal
13:04
Castle
25:30
Imperial
—
| APM avg | 37.2 |
| APM peak | 68 |
| eAPM avg | 16.1 |
| Villagers / military | 133 / 93 |
Focus
⚔️ 27.3% · 🌾 72.7%
Knight ×59 · Scout Cavalry ×26 · Spearman ×7 · Militia ×1
Match map
Initial resources + every placement click. Lines = walls · curves = elevation contours. ◆ gold · ⬟ stone · ● berries · ✦ relic · ◌ wall gap
Your base· Open — 15t gap
Han's base· Open — unwalled flank
TdB.Fëanor's base· Open — 11t gap
KONG's base· Open — 6t gap
MMiguel's base· Open — unwalled flank
TdB. OJETE NICK's base· Open — 14t gap
Smoothed initial terrain · ◌ = detected wall gap · hover for details
Inputs per minute
— Tdb.Ricardo90 - - Han
Build order — Tdb.Ricardo90
First 150 of 347 actions detected
| 0:19 | Build | Mill |
| 0:30 | Build | Town Center |
| 2:45 | Create | Villager (Male) |
| 2:45 | Create | Villager (Male) |
| 2:46 | Create | Villager (Male) |
| 2:46 | Create | Villager (Male) |
| 2:56 | Create | Villager (Male) |
| 3:48 | Create | Villager (Male) |
| 4:13 | Create | Villager (Male) |
| 4:31 | Create | Villager (Male) |
| 4:31 | Create | Villager (Male) |
| 5:00 | Create | Villager (Male) |
| 5:16 | Create | Villager (Male) |
| 6:07 | Create | Villager (Male) |
| 6:07 | Create | Villager (Male) |
| 6:29 | Create | Villager (Male) |
| 6:29 | Create | Villager (Male) |
| 6:30 | Create | Villager (Male) |
| 6:49 | Create | Villager (Male) |
| 7:23 | Create | Villager (Male) |
| 7:23 | Create | Villager (Male) |
| 7:39 | Create | Villager (Male) |
| 7:53 | Create | Villager (Male) |
| 8:09 | Create | Villager (Male) |
| 8:21 | Create | Villager (Male) |
| 8:37 | Research | Loom |
| 8:54 | Build | Lumber Camp |
| 9:16 | Create | Villager (Male) |
| 9:16 | Create | Villager (Male) |
| 10:23 | Create | Villager (Male) |
| 10:24 | Create | Villager (Male) |
| 10:52 | Build | Mining Camp |
| 10:57 | Create | Villager (Male) |
| 10:58 | Research | Feudal Age |
| 11:12 | Build | Palisade Wall |
| 11:12 | Build | Palisade Wall |
| 12:05 | Build | Palisade Gate |
| 12:10 | Build | Palisade Gate |
| 12:12 | Build | Palisade Wall |
| 12:13 | Build | Palisade Wall |
| 12:13 | Build | Palisade Wall |
| 12:14 | Build | Palisade Wall |
| 12:25 | Build | Palisade Wall |
| 13:07 | Create | Villager (Male) |
| 13:07 | Create | Villager (Male) |
| 13:13 | Build | Barracks |
| 13:48 | Age | Feudal Age |
| 14:10 | Build | Blacksmith |
| 14:25 | Research | Double-Bit Axe |
| 14:29 | Create | Villager (Male) |
| 14:29 | Create | Villager (Male) |
| 15:06 | Build | Archery Range |
| 15:40 | Create | Villager (Male) |
| 15:50 | Build | Archery Range |
| 15:56 | Research | Castle Age |
| 16:00 | Create | Villager (Male) |
| 16:37 | Research | Fletching |
| 16:51 | Research | Gold Mining |
| 16:51 | Research | Gold Mining |
| 18:38 | Create | Villager (Male) |
| 18:38 | Create | Villager (Male) |
| 18:45 | Age | Castle Age |
| 18:49 | Build | Town Center |
| 18:54 | Create | Cavalry Archer |
| 18:54 | Create | Cavalry Archer |
| 18:54 | Create | Cavalry Archer |
| 18:58 | Research | Bodkin Arrow |
| 19:17 | Create | Cavalry Archer |
| 19:17 | Create | Cavalry Archer |
| 19:22 | Create | Villager (Male) |
| 19:22 | Create | Villager (Male) |
| 19:30 | Build | Town Center |
| 20:14 | Create | Cavalry Archer |
| 20:15 | Create | Cavalry Archer |
| 20:15 | Create | Cavalry Archer |
| 20:16 | Create | Villager (Male) |
| 20:16 | Create | Villager (Male) |
| 20:33 | Create | Villager (Male) |
| 20:42 | Create | Cavalry Archer |
| 20:43 | Create | Cavalry Archer |
| 20:43 | Create | Cavalry Archer |
| 21:10 | Create | Villager (Male) |
| 21:10 | Create | Villager (Male) |
| 21:13 | Create | Cavalry Archer |
| 21:13 | Create | Cavalry Archer |
| 21:13 | Create | Cavalry Archer |
| 21:13 | Create | Archer |
| 22:06 | Create | Cavalry Archer |
| 22:06 | Create | Cavalry Archer |
| 22:07 | Create | Cavalry Archer |
| 22:07 | Create | Villager (Male) |
| 22:08 | Create | Villager (Male) |
| 22:08 | Create | Villager (Male) |
| 22:08 | Create | Villager (Male) |
| 22:29 | Create | Villager (Male) |
| 22:29 | Create | Villager (Male) |
| 22:29 | Create | Villager (Male) |
| 22:31 | Build | University |
| 22:37 | Research | Padded Archer Armor |
| 22:51 | Create | Villager (Male) |
| 23:10 | Research | Ballistics |
| 23:10 | Research | Ballistics |
| 23:30 | Create | Cavalry Archer |
| 23:42 | Build | Mill |
| 23:53 | Create | Villager (Male) |
| 23:53 | Create | Villager (Male) |
| 23:54 | Create | Villager (Male) |
| 23:54 | Create | Villager (Male) |
| 23:54 | Create | Villager (Male) |
| 23:58 | Create | Cavalry Archer |
| 23:58 | Create | Cavalry Archer |
| 23:59 | Create | Cavalry Archer |
| 24:09 | Create | Villager (Male) |
| 24:09 | Create | Villager (Male) |
| 24:09 | Create | Villager (Male) |
| 24:10 | Create | Villager (Male) |
| 24:10 | Create | Villager (Male) |
| 24:12 | Build | Farm |
| 24:28 | Build | Mill |
| 24:40 | Create | Villager (Male) |
| 24:40 | Create | Villager (Male) |
| 24:40 | Create | Villager (Male) |
| 24:41 | Create | Villager (Male) |
| 24:44 | Create | Cavalry Archer |
| 24:44 | Create | Cavalry Archer |
| 24:44 | Create | Cavalry Archer |
| 25:03 | Create | Villager (Male) |
| 25:03 | Create | Villager (Male) |
| 25:04 | Create | Villager (Male) |
| 25:41 | Create | Cavalry Archer |
| 25:41 | Create | Cavalry Archer |
| 25:41 | Create | Cavalry Archer |
| 25:41 | Create | Cavalry Archer |
| 25:42 | Create | Villager (Male) |
| 25:42 | Create | Villager (Male) |
| 25:42 | Create | Villager (Male) |
| 25:42 | Create | Villager (Male) |
| 26:09 | Build | Lumber Camp |
| 26:11 | Create | Villager (Male) |
| 26:12 | Create | Villager (Male) |
| 26:12 | Create | Villager (Male) |
| 26:12 | Create | Villager (Male) |
| 26:15 | Create | Villager (Male) |
| 26:15 | Create | Villager (Male) |
| 26:16 | Create | Villager (Male) |
| 26:47 | Create | Villager (Male) |
| 26:47 | Create | Villager (Male) |
| 26:52 | Build | Mill |
| 27:08 | Create | Villager (Male) |
| 27:12 | Build | Monastery |
Build order — Han
First 150 of 346 actions detected
| 0:30 | Build | Town Center |
| 2:43 | Create | Villager (Male) |
| 2:43 | Create | Villager (Male) |
| 2:44 | Create | Villager (Male) |
| 2:44 | Create | Villager (Male) |
| 2:44 | Create | Villager (Male) |
| 3:35 | Build | House |
| 3:38 | Research | Loom |
| 3:38 | Create | Villager (Male) |
| 3:57 | Create | Villager (Male) |
| 4:02 | Build | House |
| 4:25 | Create | Villager (Male) |
| 5:16 | Create | Villager (Male) |
| 5:31 | Create | Villager (Male) |
| 6:09 | Create | Villager (Male) |
| 6:09 | Create | Villager (Male) |
| 6:55 | Create | Villager (Male) |
| 6:57 | Create | Villager (Male) |
| 7:27 | Build | Lumber Camp |
| 7:27 | Create | Villager (Male) |
| 7:31 | Build | House |
| 7:34 | Build | House |
| 7:56 | Create | Villager (Male) |
| 8:16 | Create | Villager (Male) |
| 8:41 | Create | Villager (Male) |
| 9:06 | Create | Villager (Male) |
| 9:24 | Build | Mill |
| 9:38 | Create | Villager (Male) |
| 9:45 | Create | Villager (Male) |
| 10:32 | Create | Villager (Male) |
| 10:48 | Research | Feudal Age |
| 10:58 | Build | House |
| 12:07 | Create | Villager (Male) |
| 13:19 | Age | Feudal Age |
| 13:21 | Create | Villager (Male) |
| 13:26 | Research | Double-Bit Axe |
| 13:46 | Build | Town Center |
| 13:47 | Create | Villager (Male) |
| 13:50 | Create | Villager (Male) |
| 14:59 | Build | Barracks |
| 15:01 | Create | Villager (Male) |
| 15:01 | Create | Villager (Male) |
| 15:11 | Build | House |
| 15:20 | Create | Villager (Male) |
| 15:20 | Create | Villager (Male) |
| 15:27 | Create | Villager (Male) |
| 15:29 | Create | Villager (Male) |
| 15:32 | Create | Villager (Male) |
| 15:53 | Create | Villager (Male) |
| 16:04 | Create | Villager (Male) |
| 16:37 | Create | Villager (Male) |
| 16:56 | Create | Villager (Male) |
| 17:01 | Build | Market |
| 17:04 | Create | Villager (Male) |
| 17:14 | Create | Villager (Male) |
| 17:54 | Create | Villager (Male) |
| 17:55 | Create | Villager (Male) |
| 18:01 | Build | Blacksmith |
| 18:04 | Build | House |
| 18:05 | Create | Villager (Male) |
| 18:10 | Research | Wheelbarrow |
| 18:57 | Research | Castle Age |
| 18:57 | Research | Castle Age |
| 19:28 | Create | Villager (Male) |
| 19:29 | Create | Villager (Male) |
| 20:08 | Build | Stable |
| 20:32 | Build | Mill |
| 20:36 | Create | Villager (Male) |
| 20:44 | Research | Scale Barding Armor |
| 20:44 | Research | Scale Barding Armor |
| 20:55 | Build | Mining Camp |
| 20:56 | Build | House |
| 21:08 | Create | Villager (Male) |
| 21:10 | Create | Scout Cavalry |
| 21:15 | Create | Villager (Male) |
| 21:16 | Create | Villager (Male) |
| 21:23 | Research | Bloodlines |
| 21:29 | Build | Stable |
| 21:31 | Create | Villager (Male) |
| 21:31 | Create | Villager (Male) |
| 21:37 | Age | Castle Age |
| 21:46 | Create | Villager (Male) |
| 21:49 | Create | Camel Scout |
| 21:49 | Create | Camel Scout |
| 21:54 | Create | Villager (Male) |
| 21:54 | Create | Villager (Male) |
| 22:10 | Build | Farm |
| 22:13 | Build | Farm |
| 22:15 | Build | Farm |
| 22:27 | Build | Farm |
| 22:29 | Build | Farm |
| 22:40 | Create | Villager (Male) |
| 22:49 | Build | Farm |
| 23:02 | Create | Villager (Male) |
| 23:03 | Create | Villager (Male) |
| 23:12 | Create | Camel Scout |
| 23:12 | Create | Camel Scout |
| 23:15 | Create | Villager (Male) |
| 23:15 | Create | Villager (Male) |
| 23:16 | Build | House |
| 23:30 | Create | Villager (Male) |
| 23:33 | Build | House |
| 23:40 | Create | Steppe Lancer |
| 23:42 | Create | Camel Scout |
| 23:42 | Create | Camel Scout |
| 23:43 | Create | Villager (Male) |
| 23:59 | Build | Mill |
| 24:12 | Create | Villager (Male) |
| 24:12 | Create | Villager (Male) |
| 24:14 | Build | Farm |
| 24:20 | Create | Villager (Male) |
| 24:29 | Build | Mill |
| 24:32 | Create | Villager (Male) |
| 24:32 | Create | Villager (Male) |
| 24:49 | Create | Villager (Male) |
| 24:50 | Create | Villager (Male) |
| 24:51 | Build | Farm |
| 25:07 | Create | Villager (Male) |
| 25:13 | Build | Farm |
| 25:19 | Build | House |
| 25:27 | Research | Town Watch |
| 25:41 | Create | Camel Scout |
| 25:41 | Create | Camel Scout |
| 25:42 | Create | Villager (Male) |
| 25:42 | Create | Villager (Male) |
| 25:45 | Build | Farm |
| 25:46 | Build | Farm |
| 25:46 | Build | Farm |
| 25:46 | Build | Farm |
| 25:55 | Create | Villager (Male) |
| 26:05 | Create | Villager (Male) |
| 26:05 | Create | Villager (Male) |
| 26:08 | Build | Farm |
| 26:08 | Build | Farm |
| 26:09 | Build | Farm |
| 26:11 | Build | House |
| 26:15 | Create | Camel Scout |
| 26:15 | Create | Camel Scout |
| 26:35 | Create | Villager (Male) |
| 26:45 | Create | Camel Scout |
| 26:45 | Create | Camel Scout |
| 26:46 | Create | Camel Scout |
| 26:46 | Create | Camel Scout |
| 26:46 | Create | Camel Scout |
| 26:49 | Build | House |
| 27:04 | Research | Fletching |
| 27:05 | Research | Fletching |
| 27:08 | Build | House |
| 27:19 | Build | Farm |
| 27:19 | Build | Farm |
Build order — TdB.Fëanor
First 150 of 310 actions detected
| 0:50 | Build | Town Center |
| 1:11 | Build | Town Center |
| 3:14 | Research | Loom |
| 3:40 | Create | Villager (Male) |
| 4:03 | Create | Villager (Male) |
| 4:33 | Build | Palisade Gate |
| 4:39 | Build | Palisade Gate |
| 4:49 | Create | Villager (Male) |
| 4:59 | Build | House |
| 5:00 | Create | Villager (Male) |
| 5:27 | Create | Villager (Male) |
| 5:32 | Create | Villager (Male) |
| 6:22 | Create | Villager (Male) |
| 6:40 | Create | Villager (Male) |
| 6:56 | Create | Villager (Male) |
| 7:19 | Create | Villager (Male) |
| 7:30 | Build | Lumber Camp |
| 7:30 | Create | Villager (Male) |
| 7:39 | Create | Villager (Male) |
| 7:49 | Create | Villager (Male) |
| 8:10 | Create | Villager (Male) |
| 8:39 | Create | Villager (Male) |
| 8:57 | Build | Palisade Wall |
| 8:59 | Build | Palisade Wall |
| 9:02 | Build | Palisade Wall |
| 9:04 | Build | Palisade Wall |
| 9:06 | Build | Palisade Wall |
| 9:14 | Create | Villager (Male) |
| 9:38 | Build | Palisade Wall |
| 9:42 | Build | Palisade Wall |
| 9:54 | Build | House |
| 10:11 | Build | House |
| 10:22 | Build | Palisade Wall |
| 11:05 | Create | Villager (Male) |
| 11:32 | Build | House |
| 11:44 | Create | Villager (Male) |
| 11:50 | Create | Villager (Male) |
| 12:28 | Create | Villager (Male) |
| 12:34 | Build | Mill |
| 12:49 | Build | Palisade Wall |
| 12:50 | Build | Palisade Wall |
| 12:51 | Build | Palisade Wall |
| 12:51 | Build | Palisade Wall |
| 12:54 | Build | Palisade Wall |
| 12:55 | Build | Palisade Wall |
| 12:56 | Build | Palisade Wall |
| 12:59 | Build | Palisade Wall |
| 13:00 | Build | Palisade Wall |
| 13:00 | Build | Palisade Wall |
| 13:02 | Research | Feudal Age |
| 13:02 | Research | Feudal Age |
| 13:08 | Build | Palisade Wall |
| 13:44 | Build | Mining Camp |
| 14:36 | Create | Villager (Male) |
| 14:37 | Create | Villager (Male) |
| 15:12 | Age | Feudal Age |
| 15:14 | Build | Blacksmith |
| 15:22 | Build | Market |
| 15:30 | Research | Double-Bit Axe |
| 15:49 | Research | Gold Mining |
| 15:51 | Create | Villager (Male) |
| 16:14 | Research | Castle Age |
| 17:15 | Create | Villager (Male) |
| 17:43 | Build | Outpost |
| 18:54 | Age | Castle Age |
| 18:56 | Build | Siege Workshop |
| 19:01 | Create | Villager (Male) |
| 19:13 | Create | Villager (Male) |
| 19:20 | Build | Palisade Wall |
| 19:24 | Create | Villager (Male) |
| 19:50 | Build | Town Center |
| 19:52 | Create | Villager (Male) |
| 20:28 | Research | Bow Saw |
| 21:04 | Create | Villager (Male) |
| 21:05 | Create | Villager (Male) |
| 21:10 | Create | Villager (Male) |
| 21:11 | Create | Villager (Male) |
| 21:17 | Build | Palisade Wall |
| 21:24 | Build | House |
| 21:25 | Create | Villager (Male) |
| 21:52 | Create | Villager (Male) |
| 21:53 | Create | Villager (Male) |
| 22:00 | Create | Iron Pagoda |
| 22:15 | Build | Palisade Wall |
| 22:26 | Create | Villager (Male) |
| 22:26 | Create | Villager (Male) |
| 22:35 | Create | Iron Pagoda |
| 22:52 | Create | Iron Pagoda |
| 22:54 | Create | Villager (Male) |
| 23:14 | Build | Town Center |
| 23:18 | Create | Villager (Male) |
| 23:19 | Create | Villager (Male) |
| 23:41 | Create | Iron Pagoda |
| 23:44 | Create | Villager (Male) |
| 23:45 | Create | Villager (Male) |
| 24:11 | Research | Horse Collar |
| 24:12 | Create | Villager (Male) |
| 24:14 | Build | Farm |
| 24:14 | Build | Farm |
| 24:14 | Build | Farm |
| 24:14 | Build | Farm |
| 24:15 | Build | Farm |
| 24:15 | Build | Farm |
| 24:16 | Create | Villager (Male) |
| 24:16 | Create | Villager (Male) |
| 24:29 | Build | Mill |
| 24:31 | Create | Villager (Male) |
| 25:02 | Create | Villager (Male) |
| 25:02 | Create | Villager (Male) |
| 25:03 | Create | Villager (Male) |
| 25:09 | Research | Heavy Plow |
| 25:22 | Create | Iron Pagoda |
| 25:34 | Create | Villager (Male) |
| 25:49 | Create | Villager (Male) |
| 25:55 | Create | Iron Pagoda |
| 25:57 | Create | Villager (Male) |
| 26:00 | Build | Farm |
| 26:01 | Build | Farm |
| 26:01 | Build | Farm |
| 26:01 | Build | Farm |
| 26:10 | Create | Villager (Male) |
| 26:22 | Create | Villager (Male) |
| 26:28 | Create | Iron Pagoda |
| 26:30 | Create | Villager (Male) |
| 26:51 | Create | Villager (Male) |
| 26:53 | Build | Farm |
| 26:56 | Build | Farm |
| 27:11 | Create | Iron Pagoda |
| 27:12 | Create | Villager (Male) |
| 27:24 | Create | Villager (Male) |
| 27:24 | Create | Villager (Male) |
| 27:39 | Create | Villager (Male) |
| 27:40 | Create | Villager (Male) |
| 27:52 | Research | Fletching |
| 28:03 | Create | Villager (Male) |
| 28:17 | Create | Villager (Male) |
| 28:39 | Create | Villager (Male) |
| 28:49 | Build | Palisade Wall |
| 28:59 | Build | Castle |
| 29:00 | Build | Farm |
| 29:00 | Build | Farm |
| 29:01 | Build | Farm |
| 29:01 | Build | Farm |
| 29:01 | Build | Farm |
| 29:02 | Build | Farm |
| 29:02 | Build | Farm |
| 29:02 | Build | Farm |
| 29:07 | Build | Farm |
| 29:07 | Build | Farm |
| 29:08 | Build | Farm |
Build order — KONG
First 150 of 218 actions detected
| 0:08 | Build | Town Center |
| 1:35 | Build | House |
| 2:33 | Create | Villager (Male) |
| 2:33 | Create | Villager (Male) |
| 2:34 | Create | Villager (Male) |
| 2:34 | Create | Villager (Male) |
| 4:13 | Create | Villager (Male) |
| 4:27 | Create | Villager (Male) |
| 4:53 | Build | House |
| 4:57 | Create | Villager (Male) |
| 5:14 | Build | House |
| 5:21 | Create | Villager (Male) |
| 5:34 | Build | Lumber Camp |
| 5:45 | Create | Villager (Male) |
| 6:02 | Create | Villager (Male) |
| 6:19 | Create | Villager (Male) |
| 6:44 | Create | Villager (Male) |
| 7:23 | Build | Mill |
| 7:25 | Create | Villager (Male) |
| 7:39 | Create | Villager (Male) |
| 8:18 | Create | Villager (Male) |
| 8:41 | Create | Villager (Male) |
| 8:52 | Build | House |
| 9:14 | Research | Loom |
| 9:44 | Create | Villager (Male) |
| 10:06 | Create | Villager (Male) |
| 10:20 | Build | Mill |
| 10:25 | Build | Mill |
| 10:35 | Create | Villager (Male) |
| 11:01 | Research | Feudal Age |
| 11:08 | Build | Mining Camp |
| 11:58 | Build | Barracks |
| 13:06 | Create | Villager (Male) |
| 13:11 | Age | Feudal Age |
| 13:15 | Build | Archery Range |
| 13:17 | Create | Villager (Male) |
| 13:29 | Build | House |
| 13:42 | Create | Villager (Male) |
| 13:45 | Research | Double-Bit Axe |
| 14:06 | Create | Villager (Male) |
| 14:17 | Build | House |
| 14:19 | Create | Archer |
| 14:19 | Create | Archer |
| 14:26 | Build | Blacksmith |
| 14:29 | Create | Villager (Male) |
| 14:56 | Create | Villager (Male) |
| 14:57 | Create | Archer |
| 15:14 | Create | Archer |
| 15:16 | Create | Villager (Male) |
| 15:51 | Build | Mill |
| 15:52 | Create | Archer |
| 16:05 | Create | Villager (Male) |
| 16:27 | Create | Villager (Male) |
| 16:33 | Create | Archer |
| 16:39 | Build | Farm |
| 16:43 | Build | House |
| 16:44 | Build | House |
| 16:52 | Research | Town Watch |
| 17:01 | Research | Fletching |
| 17:20 | Create | Villager (Male) |
| 17:30 | Create | Villager (Male) |
| 17:34 | Build | Mill |
| 17:36 | Create | Villager (Male) |
| 18:07 | Build | Farm |
| 18:08 | Build | Farm |
| 18:09 | Build | Farm |
| 18:27 | Build | Farm |
| 18:30 | Build | Farm |
| 18:32 | Create | Villager (Male) |
| 18:35 | Create | Archer |
| 18:36 | Create | Archer |
| 18:43 | Create | Villager (Male) |
| 19:47 | Create | Villager (Male) |
| 19:47 | Create | Villager (Male) |
| 19:50 | Research | Castle Age |
| 20:05 | Build | Archery Range |
| 20:36 | Create | Archer |
| 20:37 | Create | Archer |
| 20:48 | Create | Archer |
| 20:48 | Create | Archer |
| 21:22 | Create | Archer |
| 21:22 | Create | Archer |
| 21:29 | Research | Padded Archer Armor |
| 21:39 | Create | Archer |
| 21:39 | Create | Archer |
| 21:50 | Build | House |
| 21:51 | Build | House |
| 22:07 | Build | House |
| 22:08 | Build | House |
| 22:30 | Age | Castle Age |
| 22:33 | Build | Town Center |
| 22:39 | Research | Crossbowman (upgrade) |
| 22:40 | Research | Bodkin Arrow |
| 22:44 | Create | Villager (Male) |
| 22:44 | Create | Villager (Male) |
| 22:54 | Build | Siege Workshop |
| 23:05 | Create | Archer |
| 23:05 | Create | Archer |
| 23:12 | Create | Villager (Male) |
| 23:38 | Create | Archer |
| 23:39 | Create | Archer |
| 23:45 | Build | Town Center |
| 24:05 | Create | Villager (Male) |
| 24:05 | Create | Villager (Male) |
| 24:06 | Create | Villager (Male) |
| 24:22 | Create | Archer |
| 24:22 | Create | Archer |
| 24:31 | Create | Villager (Male) |
| 24:31 | Create | Villager (Male) |
| 24:43 | Create | Villager (Male) |
| 24:43 | Create | Villager (Male) |
| 24:45 | Create | Villager (Male) |
| 24:46 | Create | Villager (Male) |
| 24:56 | Build | Archery Range |
| 25:02 | Create | Villager (Male) |
| 25:02 | Create | Villager (Male) |
| 25:51 | Create | Villager (Male) |
| 25:51 | Create | Villager (Male) |
| 26:02 | Create | Mangonel |
| 26:03 | Create | Mangonel |
| 26:28 | Build | Siege Workshop |
| 26:58 | Create | Villager (Male) |
| 26:59 | Create | Villager (Male) |
| 26:59 | Create | Villager (Male) |
| 27:12 | Create | Mangonel |
| 27:12 | Create | Mangonel |
| 27:31 | Create | Villager (Male) |
| 27:31 | Create | Villager (Male) |
| 27:33 | Build | Mining Camp |
| 28:26 | Create | Villager (Male) |
| 28:26 | Create | Villager (Male) |
| 28:26 | Create | Villager (Male) |
| 29:33 | Create | Archer |
| 29:33 | Create | Villager (Male) |
| 29:34 | Create | Villager (Male) |
| 29:49 | Create | Archer |
| 29:49 | Create | Archer |
| 29:50 | Create | Archer |
| 29:50 | Create | Archer |
| 29:50 | Create | Archer |
| 30:31 | Build | House |
| 30:34 | Build | House |
| 31:11 | Create | Archer |
| 31:11 | Create | Archer |
| 31:12 | Create | Archer |
| 31:12 | Create | Archer |
| 31:12 | Create | Archer |
| 31:35 | Build | Farm |
| 31:35 | Build | Farm |
| 31:35 | Build | Farm |
Build order — MMiguel
First 150 of 359 actions detected
| 0:52 | Build | Town Center |
| 1:40 | Build | House |
| 3:03 | Create | Villager (Male) |
| 3:04 | Create | Villager (Male) |
| 3:05 | Create | Villager (Male) |
| 3:07 | Create | Villager (Male) |
| 4:00 | Create | Villager (Male) |
| 4:29 | Build | Lumber Camp |
| 4:30 | Create | Villager (Male) |
| 4:40 | Build | House |
| 5:14 | Create | Villager (Male) |
| 5:45 | Build | House |
| 5:48 | Build | Palisade Wall |
| 5:54 | Create | Villager (Male) |
| 5:57 | Create | Villager (Male) |
| 6:15 | Create | Villager (Male) |
| 6:43 | Build | Palisade Wall |
| 6:44 | Build | Palisade Wall |
| 6:45 | Build | Palisade Wall |
| 6:53 | Build | Palisade Wall |
| 6:53 | Build | Palisade Wall |
| 6:57 | Build | Palisade Wall |
| 6:59 | Create | Villager (Male) |
| 7:11 | Create | Villager (Male) |
| 7:24 | Create | Villager (Male) |
| 7:46 | Create | Villager (Male) |
| 7:53 | Build | Mill |
| 7:56 | Create | Villager (Male) |
| 8:52 | Create | Villager (Male) |
| 9:00 | Build | House |
| 9:26 | Create | Villager (Male) |
| 9:26 | Create | Villager (Male) |
| 10:03 | Build | Mill |
| 10:06 | Create | Villager (Male) |
| 10:19 | Research | Loom |
| 10:21 | Create | Villager (Male) |
| 10:26 | Build | House |
| 10:36 | Create | Villager (Male) |
| 10:55 | Create | Villager (Male) |
| 11:01 | Create | Villager (Male) |
| 11:16 | Research | Feudal Age |
| 11:27 | Build | Barracks |
| 11:40 | Build | House |
| 11:46 | Build | House |
| 11:49 | Create | Villager (Male) |
| 12:02 | Build | Palisade Wall |
| 12:11 | Build | Palisade Wall |
| 12:15 | Build | Palisade Wall |
| 12:18 | Create | Villager (Male) |
| 12:45 | Create | Villager (Male) |
| 12:51 | Create | Villager (Male) |
| 13:28 | Build | House |
| 13:34 | Age | Feudal Age |
| 13:46 | Build | Stable |
| 13:52 | Create | Villager (Male) |
| 14:11 | Research | Double-Bit Axe |
| 14:12 | Create | Villager (Male) |
| 14:32 | Create | Spearman |
| 14:39 | Build | Palisade Wall |
| 14:40 | Build | Palisade Wall |
| 14:41 | Build | Palisade Wall |
| 14:42 | Build | Palisade Wall |
| 14:43 | Build | Palisade Wall |
| 14:52 | Build | Palisade Gate |
| 14:56 | Build | House |
| 15:03 | Create | Scout Cavalry |
| 15:03 | Create | Scout Cavalry |
| 15:09 | Create | Scout Cavalry |
| 15:14 | Create | Spearman |
| 15:17 | Create | Villager (Male) |
| 15:18 | Build | Farm |
| 15:57 | Create | Scout Cavalry |
| 16:11 | Create | Villager (Male) |
| 16:12 | Create | Villager (Male) |
| 16:20 | Build | Palisade Wall |
| 16:24 | Create | Villager (Male) |
| 16:24 | Create | Villager (Male) |
| 16:27 | Build | Farm |
| 16:27 | Build | Farm |
| 16:28 | Build | Farm |
| 16:29 | Create | Villager (Male) |
| 16:57 | Create | Spearman |
| 16:57 | Create | Spearman |
| 17:26 | Create | Villager (Male) |
| 17:26 | Create | Villager (Male) |
| 17:36 | Create | Villager (Male) |
| 17:42 | Create | Villager (Male) |
| 17:45 | Create | Scout Cavalry |
| 17:45 | Create | Villager (Male) |
| 18:03 | Create | Villager (Male) |
| 18:04 | Create | Villager (Male) |
| 18:05 | Create | Villager (Male) |
| 18:14 | Build | Stable |
| 18:16 | Create | Spearman |
| 18:26 | Create | Spearman |
| 18:32 | Create | Villager (Male) |
| 18:35 | Build | Farm |
| 18:38 | Build | Farm |
| 18:38 | Build | Farm |
| 18:39 | Build | Farm |
| 18:55 | Build | Farm |
| 18:59 | Build | House |
| 19:11 | Create | Spearman |
| 19:13 | Create | Scout Cavalry |
| 19:29 | Create | Villager (Male) |
| 19:41 | Create | Villager (Male) |
| 19:44 | Create | Scout Cavalry |
| 20:01 | Create | Villager (Male) |
| 20:26 | Create | Villager (Male) |
| 20:30 | Create | Villager (Male) |
| 20:34 | Build | Mining Camp |
| 20:49 | Create | Villager (Male) |
| 21:24 | Create | Villager (Male) |
| 21:40 | Build | Market |
| 22:00 | Build | Farm |
| 22:00 | Build | Farm |
| 23:18 | Research | Castle Age |
| 23:25 | Build | Blacksmith |
| 24:01 | Build | House |
| 24:10 | Create | Villager (Male) |
| 24:35 | Build | Mill |
| 24:39 | Build | House |
| 24:52 | Research | Fletching |
| 24:57 | Build | Archery Range |
| 24:57 | Build | Archery Range |
| 25:08 | Create | Villager (Male) |
| 25:12 | Research | Gold Mining |
| 25:13 | Create | Villager (Male) |
| 25:48 | Research | Padded Archer Armor |
| 25:54 | Build | Archery Range |
| 25:58 | Age | Castle Age |
| 26:01 | Create | Villager (Male) |
| 26:07 | Build | Palisade Wall |
| 26:09 | Build | Palisade Wall |
| 26:11 | Build | Palisade Wall |
| 26:14 | Research | Crossbowman (upgrade) |
| 26:15 | Create | Archer |
| 26:16 | Create | Archer |
| 26:16 | Create | Archer |
| 26:16 | Create | Archer |
| 26:17 | Create | Archer |
| 26:28 | Build | Town Center |
| 26:30 | Create | Villager (Male) |
| 26:35 | Create | Archer |
| 26:35 | Create | Archer |
| 26:43 | Build | University |
| 26:47 | Build | Palisade Gate |
| 26:48 | Build | Palisade Wall |
| 26:58 | Create | Archer |
| 26:58 | Create | Archer |
Build order — TdB. OJETE NICK
First 150 of 388 actions detected
| 0:06 | Build | Town Center |
| 1:11 | Build | House |
| 2:27 | Create | Villager (Male) |
| 2:27 | Create | Villager (Male) |
| 2:27 | Create | Villager (Male) |
| 2:28 | Create | Villager (Male) |
| 3:37 | Create | Villager (Male) |
| 4:16 | Create | Villager (Male) |
| 4:20 | Build | House |
| 4:21 | Build | House |
| 4:50 | Create | Villager (Male) |
| 4:50 | Create | Villager (Male) |
| 5:07 | Create | Villager (Male) |
| 5:34 | Create | Villager (Male) |
| 5:55 | Build | House |
| 6:05 | Research | Loom |
| 6:05 | Research | Loom |
| 6:08 | Create | Villager (Male) |
| 6:09 | Create | Villager (Male) |
| 6:10 | Build | House |
| 6:47 | Create | Villager (Male) |
| 6:49 | Create | Villager (Male) |
| 7:13 | Build | Lumber Camp |
| 7:16 | Create | Villager (Male) |
| 7:49 | Build | House |
| 7:53 | Create | Villager (Male) |
| 7:53 | Create | Villager (Male) |
| 8:18 | Create | Villager (Male) |
| 8:36 | Build | House |
| 8:48 | Research | Loom |
| 9:17 | Build | House |
| 9:32 | Build | House |
| 9:47 | Create | Villager (Male) |
| 10:13 | Build | Mill |
| 10:16 | Create | Villager (Male) |
| 10:30 | Build | House |
| 10:35 | Build | Palisade Gate |
| 10:40 | Build | House |
| 10:54 | Research | Feudal Age |
| 10:54 | Research | Feudal Age |
| 11:00 | Build | Barracks |
| 11:37 | Build | Mining Camp |
| 11:52 | Create | Villager (Male) |
| 12:54 | Create | Villager (Male) |
| 13:04 | Age | Feudal Age |
| 13:05 | Build | Stable |
| 13:15 | Research | Town Watch |
| 13:19 | Research | Double-Bit Axe |
| 13:25 | Create | Spearman |
| 13:30 | Create | Scout Cavalry |
| 13:30 | Create | Scout Cavalry |
| 13:31 | Create | Scout Cavalry |
| 13:32 | Create | Scout Cavalry |
| 13:44 | Build | Farm |
| 13:56 | Build | Farm |
| 14:04 | Create | Villager (Male) |
| 14:28 | Create | Villager (Male) |
| 14:49 | Create | Villager (Male) |
| 15:04 | Create | Villager (Male) |
| 15:06 | Create | Villager (Male) |
| 15:10 | Build | Farm |
| 15:13 | Build | Farm |
| 15:14 | Build | Farm |
| 15:14 | Build | Farm |
| 15:15 | Build | Farm |
| 15:15 | Build | Farm |
| 15:24 | Build | House |
| 15:25 | Build | House |
| 15:35 | Create | Scout Cavalry |
| 15:45 | Create | Spearman |
| 16:13 | Create | Villager (Male) |
| 16:16 | Create | Villager (Male) |
| 16:21 | Build | Mining Camp |
| 16:21 | Create | Villager (Male) |
| 16:23 | Build | Farm |
| 16:46 | Create | Villager (Male) |
| 16:46 | Create | Villager (Male) |
| 16:48 | Create | Scout Cavalry |
| 16:49 | Create | Villager (Male) |
| 17:09 | Create | Villager (Male) |
| 17:21 | Create | Spearman |
| 17:38 | Build | Farm |
| 17:38 | Build | Farm |
| 17:39 | Build | Farm |
| 17:39 | Build | Farm |
| 17:40 | Build | Farm |
| 18:04 | Create | Villager (Male) |
| 18:04 | Create | Villager (Male) |
| 18:24 | Build | Farm |
| 18:28 | Build | Palisade Wall |
| 18:29 | Build | Palisade Wall |
| 18:38 | Create | Spearman |
| 18:41 | Build | Farm |
| 18:52 | Build | House |
| 18:54 | Build | House |
| 18:55 | Build | House |
| 19:31 | Create | Villager (Male) |
| 19:35 | Build | Palisade Wall |
| 19:36 | Build | Palisade Wall |
| 19:40 | Build | Farm |
| 19:42 | Build | Blacksmith |
| 19:44 | Build | Farm |
| 19:44 | Build | Farm |
| 19:44 | Build | Farm |
| 19:45 | Build | Farm |
| 19:46 | Create | Villager (Male) |
| 19:48 | Create | Spearman |
| 20:00 | Research | Horse Collar |
| 20:29 | Create | Spearman |
| 20:41 | Build | House |
| 20:50 | Build | Palisade Wall |
| 20:51 | Build | Palisade Wall |
| 21:20 | Create | Villager (Male) |
| 21:40 | Create | Villager (Male) |
| 21:54 | Build | Palisade Wall |
| 22:19 | Create | Villager (Male) |
| 22:24 | Build | Market |
| 22:25 | Create | Villager (Male) |
| 22:50 | Research | Castle Age |
| 23:11 | Build | Stable |
| 23:13 | Build | House |
| 23:13 | Build | House |
| 23:13 | Build | House |
| 23:14 | Build | House |
| 23:14 | Build | House |
| 23:14 | Build | House |
| 23:17 | Build | Mill |
| 23:40 | Research | Scale Barding Armor |
| 23:48 | Create | Spearman |
| 25:08 | Build | House |
| 25:30 | Age | Castle Age |
| 25:41 | Build | Town Center |
| 26:04 | Create | Villager (Male) |
| 26:04 | Create | Villager (Male) |
| 26:08 | Research | Wheelbarrow |
| 26:17 | Build | Town Center |
| 26:27 | Create | Villager (Male) |
| 26:28 | Create | Villager (Male) |
| 26:32 | Create | Villager (Male) |
| 26:50 | Research | Bloodlines |
| 26:51 | Research | Light Cavalry (upgrade) |
| 27:30 | Create | Villager (Male) |
| 27:30 | Create | Villager (Male) |
| 27:30 | Create | Villager (Male) |
| 27:30 | Create | Villager (Male) |
| 27:52 | Create | Villager (Male) |
| 27:52 | Create | Villager (Male) |
| 28:03 | Build | Farm |
| 28:03 | Build | Farm |
| 28:03 | Build | Farm |
Match timeline
| 5:48 | MMiguel · wall_segment Palisade Wall x1 |
| 6:43 | MMiguel · wall_segment Palisade Wall x1 |
| 6:44 | MMiguel · wall_segment Palisade Wall x1 |
| 6:45 | MMiguel · wall_segment Palisade Wall x1 |
| 6:53 | MMiguel · wall_segment Palisade Wall x1 |
| 6:53 | MMiguel · wall_segment Palisade Wall x1 |
| 6:57 | MMiguel · wall_segment Palisade Wall x4 |
| 8:57 | TdB.Fëanor · wall_segment Palisade Wall x1 |
| 8:59 | TdB.Fëanor · wall_segment Palisade Wall x1 |
| 9:02 | TdB.Fëanor · wall_segment Palisade Wall x1 |
| 9:04 | TdB.Fëanor · wall_segment Palisade Wall x1 |
| 9:06 | TdB.Fëanor · wall_segment Palisade Wall x1 |
| 9:38 | TdB.Fëanor · wall_segment Palisade Wall x1 |
| 9:42 | TdB.Fëanor · wall_segment Palisade Wall x1 |
| 10:22 | TdB.Fëanor · wall_segment Palisade Wall x1 |
| 11:00 | TdB. OJETE NICK · first_building Barracks |
| 11:12 | Tdb.Ricardo90 · wall_segment Palisade Wall x1 |
| 11:12 | Tdb.Ricardo90 · wall_segment Palisade Wall x1 |
| 11:27 | MMiguel · first_building Barracks |
| 11:58 | KONG · first_building Barracks |
| 12:02 | MMiguel · wall_segment Palisade Wall x4 |
| 12:11 | MMiguel · wall_segment Palisade Wall x7 |
| 12:12 | Tdb.Ricardo90 · wall_segment Palisade Wall x1 |
| 12:13 | Tdb.Ricardo90 · wall_segment Palisade Wall x1 |
| 12:13 | Tdb.Ricardo90 · wall_segment Palisade Wall x1 |
| 12:14 | Tdb.Ricardo90 · wall_segment Palisade Wall x1 |
| 12:15 | MMiguel · wall_segment Palisade Wall x4 |
| 12:25 | Tdb.Ricardo90 · wall_segment Palisade Wall x1 |
| 12:49 | TdB.Fëanor · wall_segment Palisade Wall x1 |
| 12:50 | TdB.Fëanor · wall_segment Palisade Wall x1 |
| 12:51 | TdB.Fëanor · wall_segment Palisade Wall x1 |
| 12:51 | TdB.Fëanor · wall_segment Palisade Wall x1 |
| 12:54 | TdB.Fëanor · wall_segment Palisade Wall x2 |
| 12:55 | TdB.Fëanor · wall_segment Palisade Wall x1 |
| 12:56 | TdB.Fëanor · wall_segment Palisade Wall x6 |
| 12:59 | TdB.Fëanor · wall_segment Palisade Wall x1 |
| 13:00 | TdB.Fëanor · wall_segment Palisade Wall x1 |
| 13:00 | TdB.Fëanor · wall_segment Palisade Wall x1 |
| 13:04 | TdB. OJETE NICK · age_up feudal |
| 13:05 | TdB. OJETE NICK · first_building Stable |
| 13:08 | TdB.Fëanor · wall_segment Palisade Wall x3 |
| 13:11 | KONG · age_up feudal |
| 13:13 | Tdb.Ricardo90 · first_building Barracks |
| 13:15 | KONG · first_building Archery Range |
| 13:19 | Han · age_up feudal |
| 13:34 | MMiguel · age_up feudal |
| 13:46 | MMiguel · first_building Stable |
| 13:48 | Tdb.Ricardo90 · age_up feudal |
| 14:39 | MMiguel · wall_segment Palisade Wall x1 |
| 14:40 | MMiguel · wall_segment Palisade Wall x1 |
| 14:41 | MMiguel · wall_segment Palisade Wall x1 |
| 14:42 | MMiguel · wall_segment Palisade Wall x1 |
| 14:43 | MMiguel · wall_segment Palisade Wall x1 |
| 14:59 | Han · first_building Barracks |
| 15:06 | Tdb.Ricardo90 · first_building Archery Range |
| 15:12 | TdB.Fëanor · age_up feudal |
| 16:20 | MMiguel · wall_segment Palisade Wall x1 |
| 17:53 | Han · first_market_sell 100 wood |
| 17:59 | Han · first_market_buy 100 wood |
| 18:28 | TdB. OJETE NICK · wall_segment Palisade Wall x1 |
| 18:29 | TdB. OJETE NICK · wall_segment Palisade Wall x1 |
| 18:45 | Tdb.Ricardo90 · age_up castle |
| 18:54 | TdB.Fëanor · age_up castle |
| 18:56 | TdB.Fëanor · first_building Siege Workshop |
| 19:20 | TdB.Fëanor · wall_segment Palisade Wall x1 |
| 19:35 | TdB. OJETE NICK · wall_segment Palisade Wall x1 |
| 19:36 | TdB. OJETE NICK · wall_segment Palisade Wall x1 |
| 20:08 | Han · first_building Stable |
| 20:50 | TdB. OJETE NICK · wall_segment Palisade Wall x1 |
| 20:51 | TdB. OJETE NICK · wall_segment Palisade Wall x1 |
| 21:17 | TdB.Fëanor · wall_segment Palisade Wall x1 |
| 21:37 | Han · age_up castle |
| 21:54 | TdB. OJETE NICK · wall_segment Palisade Wall x1 |
| 22:15 | TdB.Fëanor · wall_segment Palisade Wall x1 |
| 22:30 | KONG · age_up castle |
| 22:54 | KONG · first_building Siege Workshop |
| 22:58 | MMiguel · first_market_buy 100 food |
| 23:00 | MMiguel · first_market_sell 100 wood |
| 24:57 | MMiguel · first_building Archery Range |
| 25:01 | TdB.Fëanor · first_market_buy 100 food |
| 25:30 | TdB. OJETE NICK · age_up castle |
| 25:58 | MMiguel · age_up castle |
| 26:07 | MMiguel · wall_segment Palisade Wall x4 |
| 26:09 | MMiguel · wall_segment Palisade Wall x2 |
| 26:11 | MMiguel · wall_segment Palisade Wall x4 |
| 26:48 | MMiguel · wall_segment Palisade Wall x1 |
| 27:12 | Tdb.Ricardo90 · first_building Monastery |
| 28:49 | TdB.Fëanor · wall_segment Palisade Wall x1 |
| 28:59 | TdB.Fëanor · first_building Castle |
| 29:00 | Tdb.Ricardo90 · first_building Stable |
| 31:41 | Tdb.Ricardo90 · first_market_buy 100 food |
| 32:20 | TdB. OJETE NICK · first_market_buy 100 stone |
| 33:27 | KONG · wall_segment Palisade Wall x13 |
| 35:22 | Tdb.Ricardo90 · age_up imperial |
| 35:38 | TdB.Fëanor · first_market_sell 100 food |
| 35:44 | KONG · first_building Castle |
| 35:52 | Han · first_building Castle |
| 36:17 | TdB.Fëanor · first_building Barracks |
| 36:59 | Tdb.Ricardo90 · first_market_sell 100 stone |
| 38:05 | TdB.Fëanor · first_building Archery Range |
| 38:13 | TdB. OJETE NICK · first_building Castle |
| 38:54 | TdB.Fëanor · age_up imperial |
| 39:53 | TdB. OJETE NICK · first_market_sell 500 wood |
| 40:36 | TdB. OJETE NICK · tribute_sent a jugador 1 |
| 40:36 | TdB. OJETE NICK · tribute_sent a jugador 2 |
| 40:36 | TdB. OJETE NICK · tribute_sent a jugador 3 |
| 40:36 | TdB. OJETE NICK · tribute_sent a jugador 4 |
| 40:36 | TdB. OJETE NICK · tribute_sent a jugador 5 |
| 40:38 | Tdb.Ricardo90 · tribute_sent a jugador 1 |
| 40:38 | Tdb.Ricardo90 · tribute_sent a jugador 2 |
| 40:38 | Tdb.Ricardo90 · tribute_sent a jugador 3 |
| 40:38 | Tdb.Ricardo90 · tribute_sent a jugador 5 |
| 40:38 | Tdb.Ricardo90 · tribute_sent a jugador 6 |
| 41:13 | TdB. OJETE NICK · tribute_sent a jugador 1 |
| 41:13 | TdB. OJETE NICK · tribute_sent a jugador 2 |
| 41:13 | TdB. OJETE NICK · tribute_sent a jugador 3 |
| 41:13 | TdB. OJETE NICK · tribute_sent a jugador 4 |
| 41:13 | TdB. OJETE NICK · tribute_sent a jugador 5 |
| 42:02 | KONG · resign |
[ AI ANALYSIS · 1 CREDIT ]
What really happened in this match?
Wolo.gg analyzes every decision: build order, eco, micro, common mistakes by bracket. Personalized analysis on WhatsApp or Discord in 30 seconds.
Civ guide
Huns
Perfil
Jugador #10721552